 Dungeon Crawl Stone Soup version 0.24.1 (webtiles) character file.

Game seed: 18323394625631218421, levelgen mode: deterministic

26935 Kahsius the Warrior (level 13, -20/134 HPs)
             Began as a Minotaur Berserker on Mar 25, 2020.
             Was a High Priest of Trog.
             Demolished by Agnes
             ... wielding a +1 lajatang of pain
              (29 damage)
             ... on level 1 of the Spider Nest on Mar 26, 2020.
             The game lasted 00:38:47 (13617 turns).

Kahsius the Warrior (Minotaur Berserker)           Turns: 13617, Time: 00:38:48

Health: -20/134    AC: 16    Str: 22    XL:     13   Next: 1%
Magic:  12/12      EV:  7    Int:  4    God:    Trog [*****.]
Gold:   1010       SH:  0    Dex: 15    Spells: 12/12 levels left

rFire    x . .     SeeInvis .   T - +3 lajatang (vamp)
rCold    + . .     Gourm    .   (shield currently unavailable)
rNeg     . . .     Faith    .   P - +2 plate armour {rPois}
rPois    +         Spirit   .   (helmet restricted)
rElec    .         Reflect  .   F - +0 cloak
rCorr    .         Harm     .   (no gloves)
MR       .....                  Q - +1 pair of boots
Stlth    ..........             b - amulet of the acrobat
HPRegen  0.32/turn              G - ring of ice
MPRegen  0.13/turn              (no ring)

@: no status effects
A: retaliatory headbutt, horns 2
a: Berserk, Trog's Hand, Brothers in Arms, Renounce Religion


You were on level 1 of the Spider Nest.
You worshipped Trog.
Trog was extremely pleased with you.
You were very hungry.

You visited 3 branches of the dungeon, and saw 15 of its levels.

You collected 1010 gold pieces.

Inventory:

Hand Weapons
 x - a +1 hand axe of draining
 E - a +4 quarterstaff of chaos
 T - a +3 vampiric lajatang (weapon)
 X - a +3 battleaxe of chopping
Armour
 s - a +0 buckler
 y - a +0 chain mail
 z - a +0 pair of boots
 F - a +0 cloak (worn)
 K - a +1 leather armour of cold resistance
 P - a +2 plate armour of poison resistance (worn)
 Q - a +1 pair of boots (worn)
Jewellery
 a - the cursed ring "Mybarun" {MR+ Str-2 Stlth+, unknown}
   (You found it on level 7 of the Dungeon)

   [ring of strength]

   It affects your strength (-2).
   It affects your resistance to hostile enchantments.
   It makes you more stealthy.
   It has a curse placed upon it.
 b - an amulet of the acrobat (around neck)
 d - an uncursed ring of protection from magic {unknown}
 i - an uncursed amulet of the gourmand
 l - an uncursed ring of magical power {unknown}
 q - a cursed ring of protection from cold
 B - a cursed +6 ring of intelligence
 G - a ring of ice (left hand)
 R - a +4 ring of protection {unknown}
 W - a cursed amulet of inaccuracy {unknown}
Wands
 H - a wand of paralysis (1)
 L - a wand of polymorph (16)
 S - a wand of random effects (23)
Scrolls
 f - 6 scrolls of noise
 h - 2 scrolls of fear
 k - 5 scrolls of blinking
 o - 7 scrolls of remove curse
 t - 2 scrolls of enchant armour {unknown}
 w - 4 scrolls of teleportation
 A - 3 scrolls of amnesia
 C - 2 scrolls of magic mapping {unknown}
 D - a scroll of acquirement {unknown}
 I - a scroll of immolation {unknown}
 M - 5 scrolls of identify
 N - a scroll of fog {unknown}
 Y - a scroll of enchant weapon
Potions
 e - 3 potions of haste {unknown}
 g - 5 potions of lignification {unknown}
 j - 2 potions of flight
 m - 2 potions of degeneration {unknown}
 n - 2 potions of ambrosia {unknown}
 p - 2 potions of invisibility {unknown}
 r - 7 potions of heal wounds {unknown}
 u - 2 potions of might {unknown}
 v - a potion of berserk rage {unknown}
 O - a potion of agility {unknown}
 U - a potion of mutation {unknown}
 V - a potion of magic {unknown}
Miscellaneous
 J - a phantom mirror
Comestibles
 c - 22 rations


   Skills:
 + Level 17.8 Fighting
 - Level 12.0 Axes
 - Level 14.0 Staves
 - Level 2.4 Armour
 - Level 2.1 Dodging


You had 12 spell levels left.
You didn't know any spells.
Your spell library was empty.

Dungeon Overview and Level Annotations

Branches:
Dungeon (11/15)            Temple (0/1) D:4            Lair (3/6) D:11
 Spider (1/4) Lair:3
  Swamp: Lair:2-4    Shoals: Lair:2-4       Orc: D:9-12

Altars:
Cheibriados
Elyvilon
Nemelex Xobeh
Okawaru
Ru
Trog
Uskayaw
Xom
Yredelemnul
Zin

Annotations:
Spider:1 Agnes


Innate Abilities, Weirdness & Mutations

You reflexively headbutt those who attack you in melee.
You have a pair of horns on your head.


Message History

Your ogre misses Agnes.
Agnes hits you with a +1 lajatang of pain!
* * * LOW HITPOINT WARNING * * *
You writhe in agony.
* * * LOW HITPOINT WARNING * * *
Okay, then.
You remove your amulet of the gourmand.
Your ogre completely misses Agnes.
Your injuries prevent the amulet from attuning itself.
b - an amulet of the acrobat (around neck) Agnes hits you with a +1 lajatang of pain!
* * * LOW HITPOINT WARNING * * *
You writhe in agony.
* * * LOW HITPOINT WARNING * * *
Agnes hits you with a +1 lajatang of pain!
* * * LOW HITPOINT WARNING * * *
You writhe in agony.
* * * LOW HITPOINT WARNING * * *
Your ogre closely misses Agnes.
Agnes hits you with a +1 lajatang of pain!!
You die...

....... #.###.####......#
....... #.##.##.........#
#......#####.#.####.........
#......##...#.## #..........
#...#####.###..........
#.....###.##...........
#....O..#####..........
###.#..i.................
###.#.#...@................ ###
##...#.##...................
#.###......###.....^............
##..........###................#
##.........#..#....#..........##
#<.........###..#####........###
##..........#
##[####..#...######
#..........## ##.##...#...### #.
..........## #............###.


You could see Agnes and a friendly ogre (berserk).

Vanquished Creatures
  3 hydras
  2 two-headed ogres
  An unseen horror (D:10)
  4 wolf spiders (Spider:1)
  2 cyclopes
  An ugly thing (D:11)
  A black mamba (Lair:1)
  Joseph (D:10)
  Maurice (D:10)
  Psyche (D:8)
  A spiny frog (Lair:2)
  A torpor snail (Spider:1)
  A rime drake (Lair:1)
  2 komodo dragons (D:11)
  3 demonic crawlers (Spider:1)
  A troll (D:10)
  A tengu conjurer (D:7)
  8 jumping spiders (Spider:1)
  Grinder (D:3)
  Prince Ribbit (D:8)
  2 hippogriffs
  5 blink frogs (Lair:2)
  Sigmund (D:2)
  A tarantella (Spider:1)
  13 redbacks
  4 yaks (Lair:1)
  2 wyverns
  3 basilisks
  4 water moccasins
  2 porcupines (Lair:1)
  3 sky beasts
  6 phantoms
  2 orc warriors
  5 ice beasts
  A black bear (Lair:2)
  2 wolves (Lair:1)
  A boggart (D:7)
  A necrophage (D:10)
  7 ogres
  5 centaurs
  7 crocodiles
  11 bullfrogs
  A gnoll sergeant (D:7)
  2 big kobolds
  A wyvern skeleton (D:9)
  A water moccasin skeleton (D:5)
  2 scorpions (D:10)
  A killer bee (D:8)
  4 wights (D:7)
  A howler monkey (D:6)
  An electric eel (Lair:2)
  8 crimson imps
  3 centaur zombies
  2 quasits
  3 orc priests
  Crazy Yiuf (D:6)
  4 bullfrog skeletons
  A gnoll shaman (D:5)
  8 hounds
  A jelly (D:10)
  9 orc wizards
  4 centaur skeletons
  3 iguanas
  4 worker ants
  3 hound skeletons
  A worker ant zombie (D:10)
  9 gnolls
  9 adders
  A shadow imp (D:6)
  2 oozes (D:4)
  3 adder skeletons
  3 worms
  A dart slug (D:3)
  4 leopard geckos
  36 orcs
  3 ball pythons
  6 giant cockroaches
  9 goblins
  6 hobgoblins
  10 jackals
  14 kobolds
  4 quokkas
  6 bats
  5 frilled lizards
  A leopard gecko skeleton (D:6)
  4 rats
  2 fungi (D:6)
332 creatures vanquished.

Vanquished Creatures (collateral kills)
  Gastronok (D:9)
  An emperor scorpion (Spider:1)
  A troll (D:9)
  A big kobold (D:9)
  An adder (D:9)
  3 orcs (D:9)
  4 kobolds (D:9)
12 creatures vanquished.

Vanquished Creatures (others)
  An orc warrior (D:9)
1 creature vanquished.

Grand Total: 345 creatures vanquished

Notes
Turn   | Place    | Note
-------+----------+-------------------------------------------
     0 | D:1      | Kahsius the Minotaur Berserker began the quest for the Orb.
     0 | D:1      | Reached XP level 1. HP: 19/19 MP: 0/0
   159 | D:1      | Reached XP level 2. HP: 15/27 MP: 1/1
   386 | D:1      | Reached skill level 4 in Fighting
   520 | D:1      | Reached ** piety under Trog
   651 | D:1      | Reached XP level 3. HP: 33/33 MP: 2/2
   852 | D:2      | Noticed Sigmund
  1273 | D:2      | Reached skill level 5 in Axes
  1357 | D:2      | Killed Sigmund
  1357 | D:2      | Reached skill level 5 in Fighting
  1357 | D:2      | Reached XP level 4. HP: 42/42 MP: 3/3
  1357 | D:2      | Reached XP level 5. HP: 48/48 MP: 4/4
  1638 | D:3      | Reached XP level 6. HP: 48/57 MP: 5/5
  1711 | D:3      | Noticed Grinder
  1721 | D:3      | Killed Grinder
  1721 | D:3      | Reached *** piety under Trog
  1721 | D:3      | Reached skill level 6 in Fighting
  1721 | D:3      | Reached XP level 7. HP: 43/63 MP: 6/6
  2049 | D:3      | Found a shimmering altar of Xom.
  2548 | D:4      | Found a sparkling altar of Nemelex Xobeh.
  2708 | D:4      | Found a staircase to the Ecumenical Temple.
  2844 | D:5      | Entered Level 5 of the Dungeon
  2923 | D:5      | Reached skill level 7 in Fighting
  3239 | D:5      | Reached XP level 8. HP: 73/73 MP: 7/7
  3283 | D:5      | Reached skill level 10 in Axes
  3518 | D:5      | Reached skill level 8 in Fighting
  3625 | D:6      | Reached **** piety under Trog
  4116 | D:6      | Found a sacrificial altar of Ru.
  4119 | D:6      | Reached XP level 9. HP: 82/82 MP: 8/8
  4129 | D:6      | Reached skill level 9 in Fighting
  4155 | D:6      | Found a basalt altar of Yredelemnul.
  4156 | D:6      | Found an iron altar of Okawaru.
  4156 | D:6      | Found a white marble altar of Elyvilon.
  4277 | D:6      | Found a runed translucent door.
  4278 | D:6      | Noticed Crazy Yiuf
  4283 | D:6      | Killed Crazy Yiuf
  4390 | D:7      | Reached skill level 1 in Staves
  4702 | D:7      | Found a glowing silver altar of Zin.
  4763 | D:7      | Found a runed translucent door.
  4764 | D:7      | Found a runed translucent door.
  4997 | D:7      | Found a snail-covered altar of Cheibriados.
  5211 | D:7      | Reached skill level 5 in Staves
  5349 | D:7      | Found a runed translucent door.
  5351 | D:7      | Noticed a two-headed ogre
  5351 | D:7      | Noticed a cyclops
  5351 | D:7      | Noticed a tengu conjurer
  5359 | D:7      | Killed a two-headed ogre
  5359 | D:7      | Reached skill level 10 in Fighting
  5366 | D:7      | Killed a cyclops
  5366 | D:7      | Reached XP level 10. HP: 94/94 MP: 9/9
  5376 | D:7      | Paralysed by a crimson imp for 7 turns
  5420 | D:7      | Reached ***** piety under Trog
  5493 | D:7      | Reached skill level 11 in Fighting
  5773 | D:7      | Got a warped jade ring
  5778 | D:7      | Identified Jesagihi's Compendium of Venom and
                  | Weightlessness
  6094 | D:8      | HP: 2/95 [sky beast (5)]
  6323 | D:8      | Noticed Psyche
  6329 | D:8      | Killed Psyche
  6503 | D:8      | Noticed Prince Ribbit
  6513 | D:8      | Killed Prince Ribbit
  6513 | D:8      | Reached skill level 10 in Staves
  7151 | D:9      | Noticed Gastronok
  7187 | D:9      | Killed Gastronok
  7376 | D:9      | Reached skill level 12 in Fighting
  7509 | D:9      | Reached XP level 11. HP: 79/104 MP: 10/10
  7906 | D:9      | Found a bloodstained altar of Trog.
  7913 | D:9      | Found a hide-covered altar of Uskayaw.
  7982 | D:10     | Entered Level 10 of the Dungeon
  8055 | D:10     | Received a gift from Trog
  8202 | D:10     | Noticed Joseph
  8220 | D:10     | Killed Joseph
  8572 | D:10     | Killed an unseen horror
  8716 | D:10     | Noticed Maurice
  8730 | D:10     | Killed Maurice
  8847 | D:10     | Received a gift from Trog
  8969 | D:11     | Found a staircase to the Lair.
  9109 | D:11     | Noticed a brown ugly thing
  9117 | D:11     | Killed a brown ugly thing
  9553 | D:11     | Noticed a two-headed ogre
  9561 | D:11     | Killed a two-headed ogre
  9561 | D:11     | Reached skill level 13 in Fighting
  9852 | Lair:1   | Entered Level 1 of the Lair of Beasts
 10039 | Lair:1   | Noticed a four-headed hydra
 10046 | Lair:1   | Killed a nine-headed hydra
 10316 | Lair:1   | Noticed a four-headed hydra
 10326 | Lair:1   | Killed a ten-headed hydra
 10326 | Lair:1   | Reached skill level 14 in Fighting
 10326 | Lair:1   | Reached XP level 12. HP: 107/117 MP: 11/11
 11067 | Lair:2   | Noticed a five-headed hydra
 11081 | Lair:2   | Killed a 12-headed hydra
 11081 | Lair:2   | Reached skill level 15 in Fighting
 12040 | Lair:3   | Found a hole to the Spider Nest.
 12058 | Spider:1 | Entered Level 1 of the Spider Nest
 12086 | Spider:1 | Received a gift from Trog
 12097 | Spider:1 | Reached skill level 16 in Fighting
 12365 | Spider:1 | Reached skill level 17 in Fighting
 13000 | Spider:1 | Noticed an emperor scorpion
 13010 | Spider:1 | Killed an emperor scorpion
 13200 | Spider:1 | Reached XP level 13. HP: 46/134 MP: 12/12
 13604 | Spider:1 | Noticed Agnes
 13617 | Spider:1 | Demolished by Agnes

Levels and vault maps discovered:
D:1:      saegor_arrival_simple_c, layout_basic, minmay_misc_feat_hallway
D:2:      layout_loops_cross, first_ration, minmay_misc_feat_diagonals,
          st_stairs_8, uniq_sigmund
D:3:      layout_basic, tgw_xom, uniq_grinder
D:4:      layout_loops_ring, minmay_temple_entry_statues_fountains,
          nemelex_dance_club_becter
D:5:      layout_rooms
D:6:      layout_rooms, minitemple, uniq_crazy_yiuf_cottage
D:7:      minmay_the_grid_triangle_9x9_rhombus_full
          [minmay_the_grid_triangle_9x9_windchime,
          minmay_the_grid_triangle_9x9_limited_checkers,
          minmay_the_grid_triangle_9x9_corruption,
          minmay_the_grid_triangle_9x9_tough_junction,
          minmay_the_grid_triangle_9x9_wacky_v,
          minmay_the_grid_triangle_9x9_sparse_checkered,
          minmay_the_grid_triangle_9x9_subtriangle,
          minmay_the_grid_triangle_9x9_prize_schism], layout_loops_ring,
          chequers_temple_overflow_statue_of_worship
D:8:      layout_basic, uniq_psyche, uniq_prince_ribbit1
D:9:      layout_big_octagon, amethyst_overflow_temple_binary, uniq_gastronok
D:10:     layout_cave_pools, uniq_maurice, uniq_joseph
D:11:     layout_loops_cross, lair_entry_dummy
Lair:1:   layout_loops_ring, grunt_megastairs_5
Lair:2:   layout_roguey, fungi_pond_lemuel
Lair:3:   gammafunk_mikee_crab_dinner, layout_cave_shapes,
          minmay_shoals_entry_beasts, spider_nest_entry_webs,
          portal_ice_cave_entry_imps, serial_bayou_lagoon_b, lemuel_fruit_fields
Spider:1: layout_chambers, uniq_kirke, uniq_agnes

Skill      XL: |  1  2  3  4  5  6  7  8  9 10 11 12 |
---------------+-------------------------------------+-----
Axes           | 4 6 7 8 9 11 12 | 12.0
Fighting       | 4 5 6 7 8 10 12 14 17 | 17.8
Staves         | 7 11 14 | 14.0
Armour         | |  2.4
Dodging        | |  2.1

Action                   |  1- 3 |  4- 6 |  7- 9 | 10-12 | 13-15 || total
-------------------------+-------+-------+-------+-------+-------++-------
Melee: Hand axe          |    81 |    42 |   230 |       |       ||   353
       Headbutt          |    12 |     7 |    53 |   131 |     2 ||   205
       Quarterstaff      |       |       |    89 |   230 |       ||   319
       Lajatang          |       |       |       |   359 |     7 ||   366
Invok: Berserk           |     1 |       |     4 |     5 |       ||    10
       Trog's Hand       |       |       |       |     4 |       ||     4
       Brothers in Arms  |       |       |       |     2 |     1 ||     3
  Use: Scroll            |       |       |       |    14 |       ||    14
       Potion            |       |       |       |     5 |       ||     5
 Stab: Petrified         |       |       |     3 |       |       ||     3
       Petrifying        |       |       |     1 |       |       ||     1
       Confused          |       |       |       |     1 |       ||     1
       Paralysed         |       |       |       |     3 |       ||     3
  Eat: Chunk             |     1 |     3 |    11 |    38 |       ||    53
       Ration            |       |       |     1 |       |       ||     1
Armor: Ring mail         |    25 |       |       |       |       ||    25
       Scale mail        |     3 |    17 |    20 |       |       ||    40
       Chain mail        |       |       |    97 |   109 |       ||   206
       Plate armour      |       |       |       |   383 |     2 ||   385
Dodge: Dodged            |    43 |    20 |    82 |   226 |     3 ||   374
Block: Buckler           |       |     2 |    27 |       |       ||    29
